 Dungeon Crawl Stone Soup version 0.30-a0-622-gddc90eaa04 (webtiles) character file.

Game seed: 4436402952774281532

298 Leeroy the Covert (level 6, 0/32 HPs)
             Began as a Kobold Enchanter on Jan 10, 2023.
             Slain by an orc
             ... wielding a +0 flail
              (2 damage)
             ... on level 5 of the Dungeon.
             The game lasted 00:05:35 (4050 turns).

Leeroy the Covert (Kobold Enchanter)                Turns: 4050, Time: 00:05:36

Health: 0/32       AC:  7    Str: 11    XL:     6   Next: 62%
Magic:  9/9        EV: 12    Int: 13    God:
Gold:   1133       SH:  0    Dex: 23    Spells: 1/9 levels left

rFire   x . .      SeeInvis .    v - +0 dagger (elec)
rCold   . . .      Faith    .    (no shield)
rNeg    . . .      Spirit   .    B - +1 scale mail of Salvation {rF- Int-4 Slay+5 Stlth+}
rPois   .          Reflect  .    (no helmet)
rElec   .          Harm     .    (no cloak)
rCorr   +          Rampage  .    (no gloves)
Will    .....                    (no boots)
Stlth   +++++                    (no amulet)
HPRegen 0.25/turn                n - ring of Dishonesty {rCorr Str+6 Slay+3}
MPRegen 0.11/turn                w - +6 ring of dexterity

@: slowed, very slow
A: small, no large weapons, nightstalker 3
a: no special abilities


You were on level 5 of the Dungeon.
You visited 1 branch of the dungeon, and saw 5 of its levels.

You collected 1133 gold pieces.

Inventory:

Hand Weapons
 a - a +1 dagger
 d - a +1 dagger of venom
 p - a +0 dagger of speed
 v - a +0 dagger of electrocution (weapon)
Missiles
 h - 4 poisoned darts (quivered)
Armour
 b - a +0 robe
 B - the +1 scale mail of Salvation (worn) {rF- Int-4 Slay+5 Stlth+}
   (You found it on level 4 of the Dungeon)

   Int:       It affects your intelligence (-4).
   Slay:      It affects your accuracy & damage with ranged weapons and melee
   (+5).
   rF:        It makes you vulnerable to fire.
   Stlth:     It makes you more stealthy.
Jewellery
 f - a ring of fire
 n - the ring of Dishonesty (left hand) {rCorr Str+6 Slay+3}
   (You acquired it on level 3 of the Dungeon)

   [ring of strength]

   Str:       It affects your strength (+6).
   Slay:      It affects your accuracy & damage with ranged weapons and melee
   (+3).
   rCorr:     It protects you from acid and corrosion.
 o - a ring of fire
 w - a +6 ring of dexterity (right hand)
 A - a ring of willpower
Wands
 x - a wand of charming (15)
 y - a wand of roots (1)
Scrolls
 e - a scroll of enchant weapon {unknown}
 g - a scroll of poison {unknown}
 j - a scroll of torment {unknown}
 m - 6 scrolls of identify {unknown}
 t - a scroll of fog {unknown}
 u - a scroll of amnesia {unknown}
 z - a scroll of fear {unknown}
Potions
 c - a potion of invisibility
 i - 2 potions of curing
 k - 4 potions of lignification
 l - a potion of flight {unknown}
 q - a potion of ambrosia {unknown}
 r - a potion of haste {unknown}
 s - 2 potions of brilliance {unknown}
 C - a potion of degeneration {unknown}
 D - a potion of might {unknown}
 E - a potion of attraction


   Skills:
 - Level 1.3 Short Blades
 - Level 2.4 Dodging
 + Level 9.8 Stealth
 - Level 2.1 Spellcasting
 - Level 3.0 Hexes


You had one spell level left.
You knew the following spells:

 Your Spells              Type           Power      Damage    Failure   Level
a - Ensorcelled Hibernat  Hex/Ice        10%        N/A       78%         2
b - Confusing Touch       Hex            9%         N/A       80%         3
c - Dazzling Flash        Conj/Hex       10%        N/A       95%         3

Your spell library contained the following spells:

 Spells                   Type           Power      Damage    Failure   Level
 Tukima's Dance           Hex            9%         N/A       80%         3
 Portal Projectile        Hex/Tloc       10%        N/A       95%         3
 Blade Hands              Tmut           0%         N/A       100%        5


Dungeon Overview and Level Annotations

Branches:
Dungeon (5/15)
 Temple: D:4-7

Altars:

Shops:
D:1 !

Annotations:
D:4 Dowan, Duvessa


Innate Abilities, Weirdness & Mutations

You are small and have problems with some larger weapons.
You are completely attuned to the shadows.


Message History

The orc moves out of view.
The orc wizard shouts!
You hear a shout! x2
An orc comes into view. It is wielding a +0 flail.
The orc wizard hits you with a +0 dagger.
The orc shouts!
You puncture the orc wizard!
The orc wizard is heavily wounded.
The orc throws a stone.
The stone hits you but does no damage. The orc wizard closely misses you.
Cast which spell? (? or * to list)
You don't know that spell.
Unknown command.
You barely miss the orc wizard.
The orc wizard is heavily wounded.
An orc comes into view. It is wielding a +0 falchion.
The orc wizard hits you with a +0 dagger.
You hit the orc wizard.
The orc wizard is severely wounded.
The orc hits you but does no damage.
The orc wizard points at you and mumbles some strange words.
The puff of flame hits you. The fire burns you terribly!
You hit the orc wizard.
Lightning courses through the orc wizard!
You kill the orc wizard!
The orc hits you with a +0 flail!
The orc throws a stone.
The stone hits you but does no damage. The orc closely misses you.
The wraith closely misses you.
Things that are here:
a +0 dagger; a +0 robe; 16 gold pieces The wraith hits you!
The wraith drains your vigour!
You feel yourself slow down. The orc attacks as you move away!
The orc closely misses you. The wraith attacks as you move away!
The wraith barely misses you. The wraith hits you!
* * * LOW HITPOINT WARNING * * *
The wraith drains your vigour!
You feel as though you will be slow longer.
The orc misses you. The orc attacks as you move away!
The orc hits you with a +0 flail.
You die...

##.####
####..........
#.....# #...........
#.###.## #.#...#####.
#......###
#.#(.......#
#.#......#
#.#...####.#
#.#......# ##.....#
#.. #........#
##..#.#.# #..
##.......####...#.#.#
##.
#.......@.##.#.#.# #.
##.....ooW.......# #.
#......o.....##.# #
#.....o......# ...
#.......#)##......#
####......###.#W...
##..#..# #..#..#
#..#..#


You could see a wraith and 4 orcs.

Vanquished Creatures
  A scorpion (D:5)
  A jelly (D:4)
  A hound (D:5)
  An iguana (D:5)
  2 orc wizards
  12 dart slugs
  2 orcs (D:4)
  5 bats
  11 endoplasms
  2 giant cockroaches
  5 goblins
  7 hobgoblins
  9 kobolds
  5 quokkas (D:1)
  7 ball pythons
  4 frilled lizards
  4 rats
79 creatures vanquished.

Notes
Turn   | Place    | Note
-------+----------+-------------------------------------------
     0 | D:1      | Leeroy the Kobold Enchanter began the quest for the Orb.
     0 | D:1      | Reached XP level 1. HP: 10/10 MP: 3/3
     0 | D:1      | Noticed a vine stalker
     0 | D:1      | Noticed a ghoul
     1 | D:1      | Noticed a draconian
     3 | D:1      | Noticed a minotaur
     5 | D:1      | Noticed a vampire
     7 | D:1      | Noticed a felid
     9 | D:1      | Noticed a gargoyle
    15 | D:1      | Noticed a minotaur zombie
    17 | D:1      | Noticed a demigod
    19 | D:1      | Noticed a demonspawn zombie
    47 | D:1      | Found Ifre's Distillery.
    95 | D:1      | Reached XP level 2. HP: 15/15 MP: 5/5
   187 | D:1      | Reached skill level 5 in Stealth
   452 | D:1      | Reached XP level 3. HP: 19/19 MP: 6/6
   758 | D:1      | Reached skill level 6 in Stealth
  1429 | D:2      | Reached XP level 4. HP: 24/24 MP: 7/7
  1680 | D:2      | Found a faded altar of an unknown god.
  2113 | D:3      | Reached skill level 7 in Stealth
  2777 | D:4      | Reached XP level 5. HP: 28/28 MP: 8/8
  3138 | D:4      | Noticed Dowan
  3141 | D:4      | Noticed Duvessa
  3146 | D:4      | Identified 3 scrolls of acquirement
  3146 | D:4      | Acquired a ring of willpower
  3164 | D:3      | Acquired 902 gold pieces
  3167 | D:3      | Acquired the ring of Dishonesty {rCorr Str+6 Slay+3}
  3270 | D:4      | Reached skill level 8 in Stealth
  3295 | D:4      | Identified the +1 scale mail of Salvation {rF- Int-4 Slay+5
                  | Stlth+}
  3446 | D:4      | Learned a level 2 spell: Ensorcelled Hibernation
  3450 | D:4      | Learned a level 3 spell: Confusing Touch
  3454 | D:4      | Learned a level 3 spell: Dazzling Flash
  3778 | D:4      | Identified the ring of Jaantoof {rElec rF++ Str+6}
  3924 | D:5      | Entered Level 5 of the Dungeon
  3969 | D:5      | Reached skill level 9 in Stealth
  3969 | D:5      | Reached XP level 6. HP: 32/32 MP: 9/9
  4017 | D:5      | Noticed a wraith
  4050 | D:5      | Slain by an orc

Illustrated notes

Levels and vault maps discovered:
D:1:      shiori_arrival_whats_in_store_for_you, layout_basic, serial_shops,
          nicolae_shop_behind_doors
D:2:      layout_basic, ebering_ecumenical_altar_webs, minmay_misc_feat_rows,
          minivault_23
D:3:      kennysheep_slugbush, layout_basic, hex_medium
D:4:      layout_loops_cross, lemuel_flame_loot_1, uniq_duvessa
D:5:      layout_rooms

Skill      XL: |  1  2  3  4  5 |
---------------+----------------+-----
Stealth        | 5 6 7 9 |  9.8
Short Blades   | |  1.3
Dodging        | |  2.4
Spellcasting   | |  2.1
Hexes          | |  3.0

Action                   |  1- 3 |  4- 6 || total
-------------------------+-------+-------++-------
Melee: Dagger            |    83 |   102 ||   185
       Punch             |     1 |     2 ||     3
       Unarmed           |       |     6 ||     6
  Use: Potion            |     2 |     2 ||     4
       Scroll            |       |     3 ||     3
 Stab: Sleeping          |    24 |    23 ||    47
       Distracted        |       |     1 ||     1
Armor: Robe              |    27 |     6 ||    33
       Skin              |       |     8 ||     8
       Scale mail        |       |     4 ||     4
Dodge: Dodged            |    53 |    60 ||   113

Table legend: (Time is in decaauts)
 A = Elapsed time spent in this place.
 B = Non-inter-level travel time spent in this place.
 C = Inter-level travel time spent in this place.
 D = Time resting spent in this place.
 E = Time spent auto-exploring this place.
 F = Levels seen in this place.
 G = Mean time per level.
                   A        B        C        D        E       F      G
               +--------+--------+--------+--------+--------+-----+--------+
         Total |   4043 |   3939 |    104 |    282 |   2995 |   5 |  808.6 |
       Dungeon |   4043 |   3939 |    104 |    282 |   2995 |   5 |  808.6 |
               +--------+--------+--------+--------+--------+-----+--------+

Top non-repeatable levels by time:
     D:1: 1109 daAuts
     D:4: 1097 daAuts
     D:3: 1088 daAuts
     D:2: 622 daAuts
     D:5: 126 daAuts
